Map: Odyssey LE

Players

captainfail - Winner!

  • Race: Zerg Zerg
  • Spawn Location: 11:00

Lokk

  • Race: Terran Terran
  • Spawn Location: 5:00

VOD

https://www.youtube.com/watch?v=uxfntemoLP4

Description

Main goal: Enter the mid game with a beastly 70 or more drone economy.

Secondary goals: Shut down 211 and 4 medivac 1/1 follow up. Keep ahead of economic 1-1-1 openings.

THEN RAPE THEM WITH ULTRAS.

Droning 101
_______________________________________
Spend your larvae when a hatch hits 3 or more larvae bank
Do not build a queen right after an inject pops
Do not build 2 overlords before drones.
Only after you’ve built your drones, then build some overlords and queens.

Time

  • Played on: Nov. 14, 2017, 11:57 p.m.
  • Length: 15:30
Show
View Real Time Build Order
Export as new Build Order

captainfail Zerg - Winner!

Build Orders: Hatch First 

Get SALT Encoding   

  12  0:01  Drone  
  13  0:12  Overlord  
  13  0:17  Drone  
  14  0:31  Drone x2  
  14  0:35  Drone  
  17  0:53  Hatchery  
  17  0:56  Drone  
  17  0:59  Drone  
  18  1:06  Extractor  
  17  1:15  Spawning Pool  
  17  1:17  Drone  
  17  1:21  Drone  
  18  1:30  Drone  
  19  1:40  Overlord  
  19  1:50  Drone  
  20  2:01  Queen  
  20  2:02  Zergling x2  
  20  2:05  Zergling x2, Queen  
  26  2:09  Metabolic Boost  
  26  2:14  Drone  
  27  2:16  Drone  
  28  2:33  Hatchery  
  27  2:38  Drone  
  27  2:39  Drone x2  
  27  2:41  Drone  
  31  2:48  Drone x2  
  33  2:55  Overlord  
  33  2:59  Drone  
  33  3:01  Queen  
  36  3:10  Overlord  
  36  3:16  Drone  
  36  3:17  Drone x4  
  36  3:18  Drone  
  42  3:20  Drone  
  42  3:24  Drone  
  44  3:34  Queen  
  44  3:35  Overlord  
  44  3:37  Drone x2  
  48  3:49  Zergling x6  
  48  3:51  Drone x3, Queen  
  56  3:56  Queen  
  56  3:58  Drone  
  56  3:59  Drone  
  56  4:00  Drone  
  61  4:08  Overlord  
  59  4:13  Baneling Nest, Queen  
  60  4:23  Overlord  
  60  4:24  Overlord  
  60  4:25  Drone x5  
  60  4:26  Drone  
  60  4:31  Queen  
  65  4:43  Drone x7  
  72  4:50  Evolution Chamber  
  72  4:52  Extractor, Zergling x2  
  71  4:53  Extractor, Zergling x8, Evolution Chamber  
  73  5:06  Zergling x2  
  73  5:07  Zergling x6  
  76  5:13  Drone x4  
  81  5:15  Overlord  
  81  5:22  Overlord  
  81  5:23  Overlord  
  81  5:31  Drone x4  
  81  5:32  Drone x3  
  81  5:35  Zerg Ground Armor Level 1, Zerg Melee Weapons Level 1  
  88  5:36  Overlord  
  88  5:39  Queen  
  88  5:42  Hatchery  
  89  5:43  Drone x2  
  89  5:44  Drone  
  89  5:45  Drone  
  92  5:59  Overlord, Extractor  
  91  6:04  Overlord  
  91  6:05  Zergling x10  
  91  6:06  Zergling x6  
  91  6:08  Baneling x6  
  91  6:09  Baneling x2  
  99  6:15  Lair  
  99  6:16  Hatchery  
  99  6:17  Extractor  
  97  6:29  Drone x4  
  97  6:30  Drone x7  
  97  6:31  Overlord  
  108  6:42  Hatchery  
  107  6:51  Extractor  
  107  6:53  Queen  
  108  7:01  Zergling x32  
  113  7:04  Queen  
  125  7:18  Overlord  
  125  7:19  Zergling x12  
  125  7:21  Centrifical Hooks  
  129  7:24  Hydralisk Den, Zergling x2  
  129  7:25  Overlord  
  129  7:26  Overlord x2  
  129  7:37  Zergling x18  
  129  7:42  Baneling x2  
  137  7:48  Baneling x6  
  137  7:49  Baneling x7, Overlord  
  137  7:50  Zergling x2  
  137  7:51  Zergling x8  
  126  8:10  Muscular Augments  
  126  8:14  Infestation Pit  
  126  8:17  Queen  
  126  8:20  Drone x10  
  126  8:21  Drone x7  
  126  8:24  Queen  
  126  8:26  Zergling x2  
  126  8:27  Zergling x14  
  150  8:28  Spine Crawler  
  150  8:29  Spine Crawler  
  148  8:34  Overlord  
  148  8:38  Burrow  
  148  8:40  Pneumatized Carapace  
  148  8:46  Overseer x2  
  148  8:47  Hydralisk x7  
  162  8:53  Baneling x9  
  162  8:55  Zerg Melee Weapons Level 2  
  162  8:58  Zerg Ground Armor Level 2  
  142  9:10  Zergling x2, Hydralisk x3  
  142  9:11  Zergling x12, Hydralisk x2  
  142  9:12  Zergling x2  
  158  9:22  Zergling x2  
  158  9:23  Zergling x22  
  170  9:27  Hive  
  170  9:28  Pathogen Glands  
  170  9:30  Overseer x2  
  170  9:42  Spine Crawler  
  170  9:43  Extractor, Drone x3  
  170  9:45  Overlord  
  171  9:53  Baneling x4, Zergling x2  
  171  9:54  Zergling x36  
  189  10:00  Hatchery  
  189  10:06  Zergling x8  
  189  10:07  Zergling x24  
  193  10:12  Baneling x2  
  193  10:14  Baneling x3  
  195  10:17  Baneling x6  
  195  10:18  Baneling x11  
  195  10:20  Baneling  
  195  10:21  Baneling x3  
  195  10:22  Extractor  
  194  10:30  Overlord  
  190  10:38  Hydralisk  
  190  10:39  Zergling x8, Hydralisk x7  
  190  10:40  Zergling x16  
  196  10:57  Extractor  
  196  10:59  Overlord  
  196  11:00  Zergling x8  
  196  11:01  Ultralisk Cavern  
  198  11:09  Evolution Chamber  
  197  11:14  Overlord  
  197  11:21  Overlord  
  192  11:28  Overlord  
  187  11:34  Overlord  
  187  11:37  Zerg Ground Armor Level 3, Zerg Melee Weapons Level 3  
  187  11:38  Adrenal Glands  
  187  11:39  Zerg Missile Weapons Level 1  
  187  11:42  Infestor  
  189  11:48  Queen  
  191  11:58  Overlord  
  191  11:59  Infestor x2  
  197  12:12  Zergling x2  
  196  12:18  Queen  
  193  12:24  Spore Crawler, Queen  
  190  12:30  Chitinous Plating  
  186  12:40  Ultralisk x2  
  197  12:47  Drone  
  197  12:48  Drone  
  195  12:59  Drone x3  
  195  13:00  Drone x2  
  195  13:01  Overlord  
  195  13:02  Zergling x2  
  195  13:03  Hatchery  
  198  13:06  Zergling x2  
  198  13:07  Overlord x2  
  198  13:08  Overlord  
  198  13:09  Hatchery  
  185  13:22  Zergling x2, Ultralisk x3  
  185  13:23  Zergling x4  
  189  13:32  Zergling x26, Ultralisk x2  
  199  13:39  Extractor  
  199  13:40  Extractor  
  189  13:49  Infestor x3  
  189  13:50  Infestor x2  
  189  13:51  Zergling x16  
  196  13:57  Spire, Drone x4  
  196  13:58  Drone x8  
  196  14:01  Infestor x5  
  194  14:08  Baneling x7  
  194  14:09  Baneling x8  
  184  14:12  Zergling x4, Ultralisk x2  
  184  14:13  Zergling x10  
  196  14:18  Drone x4  
  196  14:19  Drone  
  195  14:32  Overlord  
  195  14:33  Overseer  
  195  14:34  Overseer x3  
  195  14:38  Overlord  
  195  14:39  Zergling x4  
  195  14:40  Zergling x4  
  195  14:45  Spore Crawler  
  198  14:46  Spine Crawler x2  
  198  14:47  Spine Crawler  
Show
View Real Time Build Order
Export as new Build Order

Lokk Terran 

Build Orders: Hellion Opening, Reaper Expand, Bio Tank 

Get SALT Encoding   

  12  0:01  SCV  
  13  0:13  SCV  
  14  0:18  Supply Depot  
  14  0:25  SCV  
  15  0:28  Refinery  
  15  0:40  SCV  
  16  0:46  Barracks  
  16  0:52  SCV  
  17  1:04  SCV  
  18  1:16  SCV  
  19  1:32  Orbital Command  
  19  1:34  Reaper  
  20  1:44  Command Center  
  20  1:56  Factory  
  20  1:59  SCV  
  21  2:07  Barracks Reactor  
  21  2:12  SCV  
  22  2:16  Supply Depot  
  22  2:24  SCV  
  23  2:38  SCV  
  24  2:51  Hellion  
  24  2:52  Barracks Tech Lab, Command Center  
  24  2:55  Hellion  
  24  2:57  SCV  
  29  3:05  Orbital Command  
  29  3:10  SCV  
  30  3:14  Stimpack  
  30  3:19  Hellion  
  32  3:23  Hellion  
  32  3:24  SCV  
  35  3:27  Marine  
  35  3:30  SCV  
  37  3:35  Supply Depot  
  37  3:36  SCV  
  38  3:42  SCV  
  38  3:45  Hellion x2  
  43  3:49  SCV  
  45  3:55  SCV  
  45  4:00  Engineering Bay  
  45  4:01  SCV  
  46  4:03  Engineering Bay  
  46  4:07  SCV  
  47  4:13  SCV, Barracks  
  48  4:18  Refinery  
  48  4:19  Orbital Command, SCV  
  49  4:25  Factory Reactor, SCV  
  50  4:32  SCV  
  50  4:35  Marine  
  50  4:37  SCV  
  53  4:39  Terran Infantry Weapons Level 1, Terran Infantry Armor Level 1  
  53  4:40  Barracks  
  53  4:43  Supply Depot  
  53  4:44  SCV  
  54  4:47  SCV  
  54  4:49  SCV  
  56  4:56  SCV, Marine  
  58  5:02  Barracks  
  58  5:03  SCV, Barracks  
  59  5:07  Marine x2  
  59  5:08  Supply Depot  
  59  5:13  SCV, Marine  
  63  5:14  Starport  
  63  5:16  Refinery  
  63  5:18  Factory Reactor, Orbital Command  
  63  5:20  SCV  
  62  5:22  Refinery  
  62  5:23  Combat Shield  
  62  5:25  Marine  
  62  5:26  Marine  
  64  5:30  SCV  
  65  5:35  Supply Depot  
  65  5:38  SCV  
  66  5:43  SCV  
  66  5:44  SCV  
  66  5:45  Marine x3  
  66  5:46  Marine  
  66  5:49  Armory  
  72  5:50  SCV  
  72  5:55  Barracks Reactor x2  
  72  5:56  SCV  
  74  6:00  SCV  
  74  6:02  SCV  
  76  6:04  Factory Tech Lab  
  76  6:08  SCV, Marine x4  
  76  6:09  Supply Depot  
  81  6:13  Medivac x2  
  81  6:14  SCV  
  81  6:15  SCV  
  87  6:20  SCV  
  87  6:22  Supply Depot  
  87  6:25  Marine x2  
  89  6:26  Supply Depot  
  89  6:27  Siege Tank  
  89  6:31  SCV, Marine  
  95  6:35  Supply Depot, SCV  
  95  6:36  Supply Depot  
  95  6:37  Marine x4  
  100  6:42  SCV  
  100  6:44  Marine  
  100  6:47  Supply Depot, Medivac  
  102  6:51  Factory, Marine  
  105  7:00  SCV x2, Marine  
  105  7:01  Marine x2  
  110  7:02  Marine  
  110  7:05  Terran Infantry Armor Level 2  
  111  7:09  Command Center  
  111  7:11  SCV  
  111  7:12  SCV, Barracks  
  111  7:13  Barracks  
  111  7:14  Refinery, Barracks  
  111  7:15  Refinery  
  113  7:18  Supply Depot  
  113  7:19  Terran Infantry Weapons Level 2  
  112  7:24  Marine x4  
  112  7:29  SCV  
  117  7:31  Marine  
  117  7:32  Siege Tank, Marine  
  117  7:35  SCV  
  117  7:36  SCV  
  124  7:40  Marine  
  122  7:48  Marine x3  
  122  7:49  Factory Tech Lab  
  122  7:50  Medivac x2  
  129  7:52  SCV x2  
  129  7:56  Marine x2  
  127  8:06  Marine x2  
  127  8:07  Barracks Tech Lab x3, Marine  
  127  8:09  Siege Tank x2  
  127  8:11  Marine x2  
  138  8:13  Marine  
  138  8:17  Marine x2  
  141  8:24  Marine  
  142  8:38  Marine x3  
  142  8:39  Marine x2  
  142  8:40  Medivac x2  
  151  8:41  Marine x2  
  151  8:42  Marauder  
  151  8:43  Marauder, Concussive Shells  
  151  8:44  Terran Vehicle Weapons Level 1  
  151  8:47  Marine x2  
  151  8:48  Siege Tank, Marine  
  162  8:51  Planetary Fortress  
  163  8:56  Marine  
  163  8:59  Refinery  
  163  9:02  Supply Depot  
  164  9:04  Supply Depot, Marine  
  164  9:05  Supply Depot  
  140  9:10  Medivac  
  140  9:14  Marine x5  
  140  9:15  Marine x2  
  136  9:17  Siege Tank, Marine x2  
  136  9:20  Siege Tank  
  144  9:26  Marine x2  
  144  9:27  Starport, Medivac  
  141  9:40  Marine x2  
  141  9:41  Marine x2  
  141  9:42  Medivac  
  149  9:45  Marauder  
  149  9:49  Siege Tank  
  149  9:50  Fusion Core  
  149  9:51  Marine x2  
  149  9:52  Marine  
  155  9:55  Siege Tank  
  155  9:56  Marine x2  
  155  9:58  Marine x2  
  159  10:00  SCV  
  159  10:06  Marine x2  
  161  10:07  Marine x2  
  163  10:16  Marine x2, Medivac  
  163  10:17  Medivac  
  169  10:23  Marine x2  
  171  10:29  Marine x2  
  171  10:30  Siege Tank x2  
  171  10:32  Terran Infantry Armor Level 3  
  171  10:34  Liberator  
  178  10:36  Marine  
  178  10:37  Marine  
  178  10:42  Marine x3  
  138  10:43  Marine  
  138  10:46  Marine  
  137  10:52  Starport Tech Lab  
  137  10:54  Liberator  
  137  10:56  Marine x2  
  142  10:57  Refinery  
  142  10:58  Marine  
  142  11:02  Siege Tank x2  
  149  11:11  Marauder x2  
  156  11:13  Advanced Ballistics  
  156  11:19  Liberator x2  
  156  11:24  Marine x2  
  158  11:25  Marine  
  158  11:26  Marine, Command Center  
  158  11:27  Marine x2  
  162  11:34  Marine x3  
  167  11:43  Terran Vehicle Weapons Level 2  
  167  11:45  Terran Infantry Weapons Level 3  
  167  11:49  Liberator  
  167  11:54  SCV  
  167  11:55  Barracks, Command Center  
  167  11:58  Missile Turret, Barracks  
  167  11:59  Missile Turret x2  
  168  12:07  Marauder x2  
  168  12:08  Marauder, Liberator x2  
  177  12:09  Marauder  
  177  12:10  Supply Depot  
  177  12:13  Marine  
  180  12:28  Marauder, Ghost Academy  
  185  12:38  Liberator  
  185  12:51  Liberator x2  
  185  12:58  Armory  
  185  13:11  Nuke  
  185  13:12  Ghost x4  
  195  13:13  Barracks Tech Lab x2  
  195  13:16  Hi-Sec Auto Tracking  
  180  13:25  Marine x3  
  180  13:26  Marine x2  
  138  13:32  Marine  
  138  13:33  Marauder, Marine  
  124  13:34  Marauder  
  128  13:41  Marauder x3  
  128  13:43  Marauder, Marine x2  
  133  13:54  Marauder  
  133  13:55  Marauder  
  133  13:58  Marine x4  
  142  14:02  Marauder  
  142  14:03  Marauder x2  
  142  14:05  Marauder  
  144  14:16  Planetary Fortress  
  141  14:35  Medivac x3  
  141  14:37  Ghost x3  
  153  14:40  Marauder, Marine  
  153  14:41  Marauder, Marine x3  
  153  14:42  Marauder, Marine  
  164  14:52  Command Center  
  147  15:02  Marauder  
  111  15:12  Refinery  
Tags
 
Add a new tag
Caveats
  • Supply blocks, unpowered buildings, or Contaminate may cause inaccurate times.
  • Supply counts are checked every 10 seconds.